 Dungeon Crawl Stone Soup version 0.28-a0-664-gc179e30c89 (webtiles) character file.

Game seed: 12014285128873492623

1729 ytrimaz the Nimble (level 9, -1/59 HPs)
             Began as an Octopode Fighter on Oct 16, 2021.
             Slain by a gnoll (5 damage)
             ... on level 5 of the Dungeon.
             The game lasted 00:09:06 (5563 turns).

ytrimaz the Nimble (Octopode Fighter)               Turns: 5563, Time: 00:09:07

Health: -1/59      AC:  1    Str: 15    XL:     9   Next: 5%
Magic:  9/9        EV: 16    Int: 11    God:
Gold:   243        SH:  5    Dex: 14    Spells: 8/8 levels left

rFire   . . .      SeeInvis +   a - +0 rapier
rCold   . . .      Faith    .   b - +0 buckler
rNeg    . . .      Spirit   .   (helmet restricted)
rPois   .          Reflect  .   (no amulet)
rElec   .          Harm     .   o - ring of see invisible
rCorr   .          Rampage  .   (no ring)
Will    .....                   (no ring)
Stlth   ++++......              (no ring)
HPRegen 0.19/turn               (no ring)
MPRegen 0.11/turn               (no ring)
                                (no ring)
                                (no ring)

@: on berserk cooldown, slowed, very slow
A: almost no armour, amphibious, 8 rings, camouflage 1, gelatinous body 1,
(nimble swimmer 1), tentacles
a: no special abilities


You were on level 5 of the Dungeon.
You visited 1 branch of the dungeon, and saw 5 of its levels.
You also visited: Sewer.

You collected 243 gold pieces.

Inventory:

Hand Weapons
 a - a +0 rapier (weapon)
Armour
 b - a +0 buckler (worn)
Jewellery
 o - a ring of see invisible (left tentacle)
Wands
 p - a wand of mindburst (10)
 s - a wand of flame (15)
 t - a wand of acid (11)
Scrolls
 f - a scroll of acquirement {unknown}
 h - a scroll of vulnerability {unknown}
 i - 2 scrolls of enchant armour {unknown}
 j - a scroll of fog {unknown}
 l - 3 scrolls of magic mapping {unknown}
 n - a scroll of teleportation
Potions
 c - a potion of flight {unknown}
 d - a potion of brilliance {unknown}
 e - a potion of berserk rage
 g - a potion of might
 k - a potion of mutation {unknown}
 m - a potion of magic {unknown}
 q - a potion of haste {unknown}
 r - a potion of curing


   Skills:
 + Level 4.5 Fighting
 + Level 6.1 Short Blades
 - Level 8.0 Dodging
 + Level 5.8 Stealth
 - Level 4.0 Shields
 - Level 0.8 Summonings


You had 8 spell levels left.
You didn't know any spells.
Your spell library contained the following spells:

 Spells                   Type           Power      Damage    Failure   Level
 Summon Small Mammal      Summ           4%         N/A       26%         1
 Slow                     Hex            0%         N/A       47%         2
 Call Canine Familiar     Summ           1%         N/A       58%         3
 Summon Guardian Golem    Hex/Summ       0%         N/A       65%         3
 Confusing Touch          Hex            0%         N/A       71%         3
 Vampiric Draining        Necr           0%         2d6       71%         3


Dungeon Overview and Level Annotations

Branches:
Dungeon (5/15)              Sewer (visited)
 Temple: D:4-7

Altars:
Gozag
Trog
Vehumet

Shops:
D:1 (

Annotations:
D:3 3 runed translucent doors, AttackTheMoon's ghost, amateur FoFi
D:4 3 runed translucent doors, ALWAYSlose's ghost, novice GrFi


Innate Abilities, Weirdness & Mutations

You cannot wear most types of armour.
You are amphibious.
You can wear up to eight rings at the same time.
Your skin changes colour to match your surroundings (Stealth+).
Your rubbery body absorbs attacks. (AC +1, EV +1)
((You are camouflaged near water. (Stealth+)))
You have tentacles for arms and can constrict up to eight enemies at once.


Message History

You puncture the black bear!
You kill the black bear!
The gnoll sergeant hits you from afar with a +0 trident!
Your Short Blades skill increases to level 6!
You have reached level 9!
Your experience leads to an increase in your attributes!
Increase (S)trength, (I)ntelligence, or (D)exterity?
You feel agile.
Unknown command.
You barely miss the gnoll. You grab the gnoll. You squeeze the gnoll.
The gnoll is moderately wounded.
You constrict the gnoll. The gnoll hits you with a +0 whip!
* * * LOW HITPOINT WARNING * * *
You puncture the gnoll!
You kill the gnoll!
The gnoll sergeant hits you from afar with a +0 trident.
* * * LOW HITPOINT WARNING * * *
Unknown command.
The gnoll shouts!
The gnoll sergeant completely misses you.
Things that are here:
a +0 whip; a +0 flail; a gnoll corpse You puncture the gnoll sergeant!
You grab the gnoll sergeant. You squeeze the gnoll sergeant.
The gnoll sergeant is heavily wounded.
You constrict the gnoll sergeant, but do no damage.
You puncture the gnoll sergeant!
You kill the gnoll sergeant!
Unknown command.
Things that are here:
a +0 trident; a +0 ring mail; a gnoll corpse You feel a strong urge to attack something.
You are no longer berserk.
You are exhausted.
You feel yourself slow down. You block the gnoll's attack.
The gnoll hits you with a +0 spear!
* * * LOW HITPOINT WARNING * * *
You barely miss the gnoll. You grab the gnoll. You constrict the gnoll.
The gnoll hits you with a +0 spear.
You die...

....... #......
#...# #...... #####
#...# #...... ....#
#...### #......
###.# #####.....#
#...... #.#
#.........######.##
#.#
#................#
#.#
###..[......########
#.# #.).@g......#
#.# #)#.........#
#.# #)#.........#
#.# #.#.........#
#.# #.#......####
#.# ######.########
#.# #.......#
#.####.......#
#............#


You could see a gnoll.

Vanquished Creatures
  Grinder (D:4)
  Prince Ribbit (D:5)
  Sigmund (D:2)
  3 black bears
  A kobold brigand (Sewer)
  A bullfrog (D:5)
  2 gnoll sergeants
  A water moccasin zombie (D:5)
  A scorpion (D:4)
  A howler monkey (D:4)
  2 hounds (D:5)
  2 jellies (D:5)
  Ijyb (D:5)
  18 gnolls
  8 adders
  2 river rats (Sewer)
  An ufetubus (D:4)
  An adder skeleton (D:4)
  2 worms (Sewer)
  A dart slug (D:3)
  12 ball pythons
  4 bats
  8 endoplasms
  3 giant cockroaches
  3 goblins
  8 hobgoblins
  13 jackals
  7 quokkas
  5 frilled lizards
  A jackal skeleton (D:4)
  10 kobolds
  6 rats
131 creatures vanquished.

Vanquished Creatures (others)
  5 plants (D:2)
5 creatures vanquished.

Grand Total: 136 creatures vanquished

Notes
Turn   | Place    | Note
-------+----------+-------------------------------------------
     0 | D:1      | ytrimaz the Octopode Fighter began the quest for the Orb.
     0 | D:1      | Reached XP level 1. HP: 16/16 MP: 1/1
   299 | D:1      | Reached XP level 2. HP: 18/21 MP: 2/2
   336 | D:1      | Found Ubiuleul's Weapon Shoppe.
   647 | D:1      | Reached XP level 3. HP: 26/26 MP: 3/3
   799 | D:1      | Reached skill level 4 in Dodging
  1381 | D:2      | Noticed Sigmund
  1392 | D:2      | Killed Sigmund
  1393 | D:2      | Reached skill level 5 in Dodging
  1393 | D:2      | Reached XP level 4. HP: 20/31 MP: 4/4
  1393 | D:2      | Reached XP level 5. HP: 23/36 MP: 5/5
  1559 | D:2      | Found a radiant altar of Vehumet.
  1791 | D:2      | Reached XP level 6. HP: 41/42 MP: 6/6
  1836 | D:2      | Reached skill level 6 in Dodging
  2540 | D:3      | Found a runed translucent gate.
  2541 | D:3      | Found a runed translucent gate.
  2542 | D:3      | Found an opulent altar of Gozag.
  2542 | D:3      | Found a runed translucent gate.
  2824 | D:3      | Noticed AttackTheMoon's ghost (amateur FoFi)
  2859 | D:4      | Found a bloodstained altar of Trog.
  2859 | D:4      | Noticed a black bear
  2859 | D:4      | Noticed a black bear
  2875 | D:4      | Noticed Grinder
  2884 | D:4      | HP: 3/63 [Grinder (3)]
  2886 | D:4      | Killed Grinder
  2887 | D:4      | Reached skill level 7 in Dodging
  2887 | D:4      | Reached XP level 7. HP: 3/46 MP: 7/7
  3114 | D:4      | Found a glowing drain.
  3136 | Sewer    | Entered a sewer
  3425 | Sewer    | Reached skill level 8 in Dodging
  3735 | D:4      | Reached skill level 1 in Stealth
  3839 | D:4      | Found a runed translucent gate.
  3839 | D:4      | Found a runed translucent gate.
  3839 | D:4      | Noticed a two-headed ogre
  3841 | D:4      | Found a runed translucent gate.
  3842 | D:4      | Noticed ALWAYSlose's ghost (novice GrFi)
  3895 | D:4      | Found a radiant altar of Vehumet.
  3935 | D:4      | Reached XP level 8. HP: 30/52 MP: 8/8
  4917 | D:5      | Entered Level 5 of the Dungeon
  5096 | D:5      | Noticed Ijyb
  5102 | D:5      | Killed Ijyb
  5273 | D:5      | Reached skill level 5 in Short Blades
  5348 | D:5      | Noticed Prince Ribbit
  5355 | D:5      | Killed Prince Ribbit
  5356 | D:5      | Reached skill level 5 in Stealth
  5555 | D:5      | Reached XP level 9. HP: 31/59 MP: 9/9
  5563 | D:5      | Slain by a gnoll

Illustrated notes

Levels and vault maps discovered:
D:1:      lemuel_arrival_tunnels, layout_loops_ring, serial_shops,
          nicolae_shop_crystal, minivault_23
D:2:      layout_loops_cross, grunt_ministairs_6, hex_tiny,
          amcnicky_mini_corridor_feature, kennysheep_flooded_box,
          guppyfry_early_lair_pool, uniq_sigmund
D:3:      layout_rooms, ebering_ghost_gozag
D:4:      layout_loops_ring, trog_ov_bears_minmay, amcnicky_altar_gilded,
          gammafunk_ghost_split, gup_sewer_entry_pipe, lightli_minifort,
          uniq_grinder
D:5:      layout_basic, uniq_prince_ribbit1, uniq_ijyb, uniq_edmund

Skill      XL: |  1  2  3  4  5  6  7  8 |
---------------+-------------------------+-----
Dodging        | 5 7 8 |  8.0
Shields        | 4 |  4.0
Stealth        | 2 5 |  5.8
Short Blades   | 3 6 |  6.1
Fighting       | 4 |  4.5
Summonings     | |  0.8

Action                   |  1- 3 |  4- 6 |  7- 9 || total
-------------------------+-------+-------+-------++-------
Melee: Rapier            |    63 |   104 |   159 ||   326
       Tentacles         |    15 |     9 |    37 ||    61
       Constrict         |    14 |    16 |    40 ||    70
  Use: Potion            |     3 |     3 |     1 ||     7
       Scroll            |       |     4 |     1 ||     5
 Stab: Sleeping          |     5 |       |    13 ||    18
       Distracted        |       |     1 |       ||     1
Armor: Skin              |     3 |    33 |     2 ||    38
Dodge: Dodged            |    34 |    51 |    98 ||   183
Block: Buckler           |    12 |    25 |    36 ||    73

Table legend: (Time is in decaauts)
 A = Elapsed time spent in this place.
 B = Non-inter-level travel time spent in this place.
 C = Inter-level travel time spent in this place.
 D = Time resting spent in this place.
 E = Time spent auto-exploring this place.
 F = Levels seen in this place.
 G = Mean time per level.
                   A        B        C        D        E       F      G
               +--------+--------+--------+--------+--------+-----+--------+
         Total |   5590 |   5527 |     63 |   1465 |   2783 |   6 |  931.7 |
       Dungeon |   5113 |   5050 |     63 |   1212 |   2713 |   5 | 1022.6 |
         Sewer |    477 |    477 |      0 |    253 |     70 |   1 |  477.0 |
               +--------+--------+--------+--------+--------+-----+--------+

Top non-repeatable levels by time:
     D:4: 1600 daAuts
     D:1: 1255 daAuts
     D:2: 983 daAuts
     D:5: 639 daAuts
     D:3: 634 daAuts
   Sewer: 477 daAuts
